 Dungeon Crawl Stone Soup version 0.27-a0-1191-g601b473118 (webtiles) character file.

Game seed: 3345346758422901533

47 Sobieck the Poker (level 3, -2/29 HPs)
             Began as a Merfolk Monk on May 23, 2021.
             Succumbed to an adder's poison
             ... on level 2 of the Dungeon.
             The game lasted 00:02:16 (1058 turns).

Sobieck the Poker (Merfolk Monk)                    Turns: 1058, Time: 00:02:17

Health: -2/29      AC:  2    Str: 12    XL:     3   Next: 70%
Magic:  3/3        EV: 13    Int:  9    God:
Gold:   25         SH:  0    Dex: 16    Spells: 2/2 levels left

rFire    . . .     SeeInvis .   a - +0 spear {polearm}
rCold    . . .     Faith    .   (no shield)
rNeg     . . .     Spirit   .   b - +0 robe
rPois    .         Reflect  .   (no helmet)
rElec    .         Harm     .   (no cloak)
rCorr    .         Rampage  .   (no gloves)
Will     .....                  (no boots)
Stlth    ++........             (no amulet)
HPRegen  0.09/turn              (no ring)
MPRegen  0.08/turn              (no ring)

@: lethally poisoned (-2 -> -12)
A: (nimble swimmer 2), mertail
a: no special abilities


You were on level 2 of the Dungeon.
You visited 1 branch of the dungeon, and saw 2 of its levels.

You collected 25 gold pieces.


Innate Abilities, Weirdness & Mutations

((You are quick and stealthy near water. (Stealth+, EV+, Speed+++)))
Your lower body shifts to a powerful aquatic tail in water.


   Skills:
 - Level 3.2 Fighting
 + Level 6.7 Polearms
 - Level 4.0 Dodging
 - Level 2.1 Stealth


You had 2 spell levels left.
You didn't know any spells.
Your spell library was empty.

Inventory:

Hand Weapons
 a - a +0 spear (weapon) {polearm}
Missiles
 d - 32 stones (quivered) {throwing}
 e - 22 sling bullets
Armour
 b - a +0 robe (worn)
Scrolls
 c - a scroll of teleportation {unknown}
 f - a scroll of magic mapping {unknown}
 h - a scroll of acquirement {unknown}
Potions
 g - a potion of degeneration {unknown}

Dungeon Overview and Level Annotations

Branches:
Dungeon (2/15)

Altars:

..............$.......g.
#.####..................
.. #.........$#.....# ##
#†.........#.#..#
#............#..### #
##.........)........ #
#.........##b....... ##
#.........#.†....... .#
#.........#.@....... .#
#...................
.###...........####..###
.#............## ..#
...##.........# ...
..###.........# ....
......!.......# ...
.##.. ### .# .


You could see a bat.


Message History

Press: ? - help, Dir - move target, f/p - dart slug
Aim: a dart slug (almost dead, about 6% to evade your +0 spear)
You hit the dart slug.
Reach: a) +0 spear {polearm}
Press: ? - help, Dir - move target, p - dart slug You reach to attack!
You attack empty space.
Unknown command.
Unknown command.
Reach: a) +0 spear {polearm}
Press: ? - help, Dir - move target, f - dart slug
Aim: a dart slug (almost dead, about 6% to evade your +0 spear)
You hit the dart slug but do no damage. The dart slug bites you. 😮 HP[-1]
You take 1 damage, and now have 17/29 hp.
Reach: a) +0 spear {polearm}
Press: ? - help, Dir - move target, f/p - dart slug
Aim: a dart slug (almost dead, about 6% to evade your +0 spear)
You reach to attack!
You hit the dart slug.
You kill the dart slug!
You start resting. 😎 HP[+12]
Your hp is fully restored (29).
d - 32 stones {throwing} (gained 25)
A rat is nearby!
A rat is nearby!
You reach to attack!
The helpless rat fails to defend itself.
You hit the rat.
You kill the rat!
No target in view!
You see here a rat corpse.
You now have 25 gold pieces (gained 13).
h - a scroll labelled IGIEF XIMEDYGGA A kobold comes into view.
It is wielding a +0 club.
A bat comes into view.
You barely miss the kobold.
The kobold hits you with a +0 club. 😕 HP[-4]
You take 4 damage, and now have 25/29 hp.
You hit the kobold. You puncture the kobold!
You kill the kobold!
An adder and a hobgoblin come into view.
Things that are here:
a +0 club {mace}; a stone {throwing} You reach to attack!
The helpless adder fails to defend itself.
You hit the adder. You hit the adder. The adder bites you but does no damage.
You barely miss the adder. The bat hits you but does no damage.
The adder bites you but does no damage.
You hit the adder but do no damage. The bat barely misses you.
The adder misses you.
You miss the adder. The adder barely misses you.
You hit the adder but do no damage. The bat hits you but does no damage.
The adder bites you. 😕 HP[-2]
You take 2 damage, and now have 23/29 hp.
You barely miss the adder. The bat barely misses you.
The bat hits you but does no damage. The adder completely misses you.
You hit the adder but do no damage. The bat barely misses you.
The adder misses you. 😕 HP[+1]
You miss the adder. The adder bites you.
You are poisoned.
The adder poisons you! 😮 HP[-3]
You take 3 damage, and now have 21/29 hp.
You hit the adder.
You feel sick. The adder bites you.
You are more poisoned.
The adder poisons you!
The bat hits you but does no damage. 😮 HP[-6]
You take 6 damage, and now have 15/29 hp.
MASSIVE DAMAGE!! (PAUSE)
You miss the adder.
You feel sick. The bat barely misses you. The adder bites you.
* * * LOW HITPOINT WARNING * * *
The bat misses you. 😨 HP[-4]
You take 4 damage, and now have 11/29 hp.
You hit the adder.
* * * LOW HITPOINT WARNING * * *
You feel sick. The bat closely misses you. The adder bites you.
* * * LOW HITPOINT WARNING * * *
You are more poisoned.
The adder poisons you! 😱 HP[-5]
You take 5 damage, and now have 6/29 hp.
You hit the adder.
You kill the adder!
* * * LOW HITPOINT WARNING * * *
You feel very sick. The bat closely misses you. 😱 HP[-3]
You take 3 damage, and now have 3/29 hp.
* * * LOW HITPOINT WARNING * * *
You feel sick. The bat hits you but does no damage.
You see here an adder corpse. 😱 HP[-2]
You take 2 damage, and now have 1/29 hp.
You die...

Skill      XL: |  1  2 |
---------------+-------+-----
Polearms       | 5 6 |  6.7
Fighting       | |  3.2
Dodging        | |  4.0
Stealth        | |  2.1

Action                   || total
-------------------------++-------
Melee: Spear             ||    86
Throw: Stone             ||     2
 Stab: Sleeping          ||     3
Armor: Robe              ||    12
Dodge: Dodged            ||    48

Levels and vault maps discovered:
D:1:      nzn_arrival_settlement, layout_rooms, serial_shops, shop, nrook_uturn,
          chequers_serial_rivers_micro_a
D:2:      layout_rooms

Notes
Turn   | Place    | Note
-------+----------+-------------------------------------------
     0 | D:1      | Sobieck the Merfolk Monk began the quest for the Orb.
     0 | D:1      | Reached XP level 1. HP: 18/18 MP: 1/1
     0 | D:1      | magus.rc [v1.9.6]
    88 | D:1      | HP: 4/18 [ball python (1)]
    89 | D:1      | HP: 1/18 [ball python (1)]
    92 | D:1      | Reached skill level 5 in Polearms
   383 | D:2      | Reached XP level 2. HP: 21/24 MP: 2/2
   511 | D:1      | Reached skill level 6 in Polearms
   511 | D:1      | Reached XP level 3. HP: 17/29 MP: 3/3
  1055 | D:2      | HP: 6/29 [adder (3)]
  1057 | D:2      | HP: 1/29 [poisoned by an adder]
  1058 | D:2      | Succumbed to an adder's poison

Vanquished Creatures
  3 adders
  A worm (D:2)
  A dart slug (D:2)
  A ball python (D:1)
  An endoplasm (D:1)
  A giant cockroach (D:2)
  A goblin (D:2)
  3 kobolds
  A quokka (D:1)
  3 rats
16 creatures vanquished.

Table legend:
 A = Non-vault XP
 B = Vault XP
 C = Vault XP percentage of total XP
 D = Non-vault monster count
 E = Vault monster count
 F = Vault count percentage of total count
                 A         B        C        D         E       F
            +---------+---------+-------+---------+---------+-------
      Total |      68 |       0 |   0.0 |      16 |       0 |   0.0
            +---------+---------+-------+---------+---------+-------
        D:1 |      22 |       0 |   0.0 |       6 |       0 |   0.0
        D:2 |      46 |       0 |   0.0 |      10 |       0 |   0.0
            +---------+---------+-------+---------+---------+-------

Illustrated notes

Table legend:
 A = Kills in this place as a percentage of kills in entire the game.
 B = Kills by you in this place as a percentage of kills by you in the entire game.
 C = Kills by friends in this place as a percentage of kills by friends in the entire game.
 D = Other kills in this place as a percentage of other kills in the entire game.
 E = Experience gained in this place as a percentage of experience gained in the entire game.
 F = Experience gained in this place divided by the number of levels of this place that you have seen.
                   A       B       C       D       E      F
               +-------+-------+-------+-------+-------+----------------------
         Total | 100.0 | 100.0 |   N/A |   N/A | 100.0 |  34.0
       Dungeon | 100.0 | 100.0 |   N/A |   N/A | 100.0 |  34.0
               +-------+-------+-------+-------+-------+----------------------

Table legend: (Time is in decaauts)
 A = Elapsed time spent in this place.
 B = Non-inter-level travel time spent in this place.
 C = Inter-level travel time spent in this place.
 D = Time resting spent in this place.
 E = Time spent auto-exploring this place.
 F = Levels seen in this place.
 G = Mean time per level.
                   A        B        C        D        E       F      G
               +--------+--------+--------+--------+--------+-----+--------+
         Total |   1043 |   1035 |      8 |    659 |    177 |   2 |  521.5 |
       Dungeon |   1043 |   1035 |      8 |    659 |    177 |   2 |  521.5 |
               +--------+--------+--------+--------+--------+-----+--------+

Top non-repeatable levels by time:
     D:2: 546 daAuts
     D:1: 497 daAuts
